 Dungeon Crawl Stone Soup version 0.22-a0-69-g116c2a8 (webtiles) character file.

56 shenanigans the Skirmisher (level 3, -5/30 HPs)
             Began as a Barachi Monk on Jan 11, 2018.
             Slain by an iguana (9 damage)
             ... on level 2 of the Dungeon.
             The game lasted 00:02:54 (1333 turns).

shenanigans the Skirmisher (Barachi Monk)           Turns: 1333, Time: 00:02:54

Health: -5/30      AC: 10    Str: 12    XL:     3   Next: 95%
Magic:  3/3        EV:  4    Int: 16    God:
Gold:   130        SH:  0    Dex: 14    Spells: 2/2 levels left

rFire    . . .     SeeInvis .   a - +0 hand axe
rCold    + . .     Gourm    .   (no shield)
rNeg     . . .     Faith    .   i - +0 plate armour
rPois    .         Spirit   .   (no helmet)
rElec    .         Reflect  .   (no cloak)
rCorr    .         Harm     .   (no gloves)
MR       .....                  (no boots)
Stlth    ..........             k - amulet of magic regeneration
HPRegen  0.10/turn              j - ring of protection from cold
MPRegen  0.33/turn              (no ring)

@: brilliant, can't hop, flying, slow
A: +LOS, swims, slowness 1, strong legs 1
a: Hop


You were on level 2 of the Dungeon.
You were very hungry.

You visited 1 branch of the dungeon, and saw 2 of its levels.

You collected 130 gold pieces.

Inventory:

Hand Weapons
 a - a +0 hand axe (weapon)
Armour
 b - a +0 robe
 e - a +0 ring mail
 g - a +0 scale mail
 i - a +0 plate armour (worn)
Jewellery
 j - a ring of protection from cold (left hand)
 k - an amulet of magic regeneration (around neck)
Scrolls
 f - a scroll of enchant weapon {unknown}
 h - a scroll of amnesia {unknown}
 l - a scroll of identify {unknown}
 m - a scroll of remove curse {unknown}
Potions
 c - a potion of brilliance
 n - a potion of curing
Comestibles
 d - 3 rations


   Skills:
 + Level 4.2 Fighting
 + Level 3.8 Axes
 + Level 1.8 Armour
 + Level 3.9 Dodging
 - Level 1.7 Stealth


You had 2 spell levels left.
You didn't know any spells.

Dungeon Overview and Level Annotations

Branches:
Dungeon (2/15)

Altars:


Innate Abilities, Weirdness & Mutations

Shadows flee at your approach. (+LOS)
You can swim through water.
You cover ground slowly.
You can hop short distances.


Message History

The iguana is moderately wounded.
The iguana bites you but does no damage.
Your plate armour prevents you from hitting the iguana.
The iguana is moderately wounded.
The iguana bites you but does no damage.
Your plate armour prevents you from hitting the iguana.
The iguana is moderately wounded.
You are feeling very hungry.
The iguana bites you.
You closely miss the iguana.
The iguana is moderately wounded.
The iguana bites you.
You closely miss the iguana.
The iguana is moderately wounded.
The iguana bites you!
* * * LOW HITPOINT WARNING * * *
You closely miss the iguana.
The iguana is moderately wounded.
The iguana bites you!
You die...

....#.........####)######## ...
..##########.....#.#######..l..
#...............<..........#
..############.##.####†#####
.## #.##.# #....# ## #.##.#
####.## #### #....# #..######
...## ##..#### ##....(.. ....##
##...@l.## #.....##> .....#
##.....[..#####.###.#.. .....#
#..........#.....(....# .....#
####................###.##
.....###..............###### r
....)#....#...........# .
.....†...............##
.....†.....#........##
...)†#....##........#


You could see an iguana.

Vanquished Creatures
  2 adders (D:2)
  A dart slug (D:2)
  2 leopard geckos
  5 giant cockroaches
  3 goblins
  4 hobgoblins
  3 bats (D:1)
  2 frilled lizards (D:1)
  7 kobolds
  4 rats
33 creatures vanquished.

Notes
Turn   | Place    | Note
-------+----------+-------------------------------------------
     0 | D:1      | shenanigans the Barachi Monk began the quest for the Orb.
     0 | D:1      | Reached XP level 1. HP: 18/18 MP: 1/1
    49 | D:1      | Reached XP level 2. HP: 19/25 MP: 2/2
   119 | D:1      | Reached skill level 1 in Armour
   853 | D:2      | Reached skill level 4 in Fighting
   853 | D:2      | Reached XP level 3. HP: 27/30 MP: 3/3
  1333 | D:2      | Slain by an iguana

Vault maps used:
D:1:      minmay_arrival_stone_box, minmay_tetromino_t2

Skill      XL: |  1  2 |
---------------+-------+-----
Armour         | 1 |  1.8
Fighting       | 4 |  4.2
Axes           | |  3.8
Dodging        | |  3.9
Stealth        | |  1.7

Action                   || total
-------------------------++-------
Melee: Hand axe          ||   142
 Abil: Hop               ||     1
  Use: Potion            ||     3
 Stab: Sleeping          ||     2
  Eat: Chunk             ||     1
Armor: Robe              ||     5
       Plate armour      ||    68
       Scale mail        ||    15
       Ring mail         ||     1
Dodge: Dodged            ||    77

Table legend:
 A = Spawn XP
 B = Non-spawn XP
 C = Spawn XP percentage of total XP
 D = Spawn monster count
 E = Non-spawn monster count
 F = Spawn count percentage of total count
 G = Total turns spent on level
                    A         B        C        D         E        F      G
               +---------+---------+-------+---------+---------+-------+---------
         Total |       0 |      80 |   0.0 |       0 |      33 |   0.0 |  1333
               +---------+---------+-------+---------+---------+-------+---------
           D:1 |       0 |      25 |   0.0 |       0 |      16 |   0.0 |   805
           D:2 |       0 |      55 |   0.0 |       0 |      17 |   0.0 |   528
               +---------+---------+-------+---------+---------+-------+---------
